 Dungeon Crawl Stone Soup version 0.29.0-4-gdea44cf6ec (webtiles) character file.

Game seed: 1101987316998540795

2221 qw the Cleaver (level 9, 0/71 HPs)
             Began as a Formicid Cinder Acolyte on Sept 3, 2022.
             Was an Initiate of Ignis.
             Slain by a gnoll
             ... wielding a +0 spear
             ... led by a gnoll bouda
              (2 damage)
             ... on level 6 of the Dungeon.
             The game lasted 00:04:10 (9044 turns).

qw the Cleaver (Formicid Cinder Acolyte)            Turns: 9044, Time: 00:04:10

Health: 0/71       AC: 10    Str: 23    XL:     9   Next: 61%
Magic:  10/10      EV:  8    Int: 14    God:    Ignis [......]
Gold:   408        SH:  0    Dex:  9    Spells: 10/10 levels left

rFire   + . .      SeeInvis +   Y - +0 battleaxe (flame)
rCold   . . .      Faith    .   (no shield)
rNeg    . . .      Spirit   .   i - +0 chain mail
rPois   .          Reflect  .   (helmet unavailable)
rElec   .          Harm     .   k - +0 cloak
rCorr   .          Rampage  .   (no gloves)
Will    .....                   (no boots)
Stlth   ..........              (no amulet)
HPRegen 0.21/turn               (no ring)
MPRegen 0.12/turn               (no ring)

@: no status effects
A: permanent stasis, dig shafts and tunnels, antennae 3, four strong arms,
MP-powered wands
a: Dig, Shaft Self, Renounce Religion, Rising Flame


You were on level 6 of the Dungeon.
You worshipped Ignis.
Ignis was noncommittal.
You visited 1 branch of the dungeon, and saw 6 of its levels.
You also visited: Ossuary.

You collected 408 gold pieces.


Innate Abilities, Weirdness & Mutations

You cannot be hasted, slowed, berserked, paralysed or teleported.
You can dig through walls and to a lower floor.
You have a pair of large antennae on your head. (SInv)
Your four strong arms can wield two-handed weapons with a shield.
You expend magic power (3 MP) to strengthen your wands.


   Skills:
 - Level 6.6 Fighting
 - Level 10.0 Axes
 + Level 2.6 Throwing
 - Level 4.0 Armour
 - Level 2.0 Dodging
 - Level 1.1 Spellcasting
 - Level 3.0 Fire Magic


You had 10 spell levels left.
You didn't know any spells.
Your spell library contained the following spells:

 Spells                   Type           Power      Damage    Failure   Level
 Scorch                   Fire           18%        2d6       65%         2

Inventory:

Hand Weapons
 Y - a +0 battleaxe of flaming (weapon)
Missiles
 d - 7 boomerangs (quivered)
 j - a javelin
Armour
 i - a +0 chain mail (worn)
 k - a +0 cloak (worn)
Scrolls
 a - a scroll of identify
 f - a scroll of noise {unknown}
Potions
 b - a potion of cancellation
 c - 4 potions of curing
 e - 3 potions of might
 l - a potion of mutation
 p - a potion of haste {unknown}

Dungeon Overview and Level Annotations

Branches:
Dungeon (6/15)            Ossuary (visited)
 Temple: D:4-7

Altars:
Ashenzari
Makhleb
Okawaru
Vehumet
Zin

Shops:
D:3 :

Annotations:
D:3 2 transporters, qw's ghost, amateur FoCA


Message History

The gnoll hits you but does no damage. The gnoll closely misses you.
The gnoll hits you but does no damage.
The gnoll hits you from afar with a +0 spear.
9012 ||| DRINKING potion of heal wounds.
You feel much better. The gnoll hits you but does no damage.
The gnoll hits you but does no damage. The gnoll hits you but does no damage.
The gnoll barely misses you.
The gnoll hits you from afar with a +0 spear.
The gnoll hits you but does no damage.
The gnoll hits you from afar with a +0 spear.
The gnoll hits you but does no damage. The gnoll hits you but does no damage.
The gnoll closely misses you.
The gnoll hits you from afar with a +0 spear.
The gnoll barely misses you. The gnoll hits you but does no damage.
The gnoll hits you from afar with a +0 spear.
The gnoll barely misses you. The gnoll barely misses you.
The gnoll completely misses you.
The gnoll hits you from afar with a +0 spear.
The gnoll hits you from afar with a +0 spear.
The gnoll closely misses you. The gnoll barely misses you.
The gnoll hits you but does no damage.
The gnoll hits you from afar with a +0 spear.
The gnoll hits you from afar with a +0 spear.
The gnoll hits you from afar with a +0 spear.
The gnoll hits you from afar with a +0 spear.
The gnoll hits you but does no damage. The gnoll closely misses you.
The gnoll hits you from afar with a +0 spear!
The gnoll completely misses you. The gnoll hits you but does no damage.
The gnoll hits you from afar with a +0 spear.
The gnoll hits you from afar with a +0 spear.
You die...

#..~.......~.#
#..~.#.###...>.
#..~.#...#.~.#.#
##.~.#._.#.~...#
#.~.#...#.~...
#.~)###.#.~.#.
#.~g......~.
#.~~~~~~~~~.
#...@.......
##########..


You could see a gnoll.

Vanquished Creatures
  Pikel (D:4)
  3 yaks (D:5)
  An elf zombie (Ossuary)
  4 lemures
  A phantom (D:5)
  2 scorpions (D:4)
  A necrophage (D:5)
  2 howler monkeys (D:4)
  3 orc priests
  3 hounds (D:5)
  A gnoll bouda (D:6)
  2 jellies (D:6)
  Jessica (D:2)
  5 orc wizards
  5 iguanas
  A hound zombie (Ossuary)
  4 mummies (Ossuary)
  7 adders
  8 gnolls
  4 ufetubi (D:5)
  2 adder zombies (Ossuary)
  2 worms
  22 orcs
  6 bats
  4 endoplasms
  3 giant cockroaches
  10 hobgoblins
  9 jackals
  11 kobolds
  A quokka (D:3)
  9 ball pythons
  3 frilled lizards
  A gnoll zombie (Ossuary)
  9 goblins
  2 hobgoblin zombies (Ossuary)
  3 jackal zombies (Ossuary)
  An orc zombie (Ossuary)
  4 rats (D:1)
  A rat zombie (Ossuary)
162 creatures vanquished.

Notes
Turn   | Place    | Note
-------+----------+-------------------------------------------
     0 | D:1      | qw the Formicid Cinder Acolyte began the quest for the Orb.
     0 | D:1      | Reached XP level 1. HP: 18/18 MP: 2/2
     0 | D:1      | 0 ||| qw: Version: 0.1-a-102-g441f92d
     0 | D:1      | 0 ||| qw: Game counter: 5093
     0 | D:1      | 0 ||| qw: Always use a shield: true
     0 | D:1      | 0 ||| qw: God list: Okawaru
     0 | D:1      | 0 ||| qw: Allow faded altars: false
     0 | D:1      | 0 ||| qw: Do Orc after D:15 true
     0 | D:1      | 0 ||| qw: Do second Lair branch before Depths: true
     0 | D:1      | 0 ||| qw: Lair rune preference: random
     0 | D:1      | 0 ||| qw: Plans: Normal
     0 | D:1      | 0 ||| PLANNING D:1-11
     3 | D:1      | Noticed an electric eel
     4 | D:1      | Noticed an electric eel
    23 | D:1      | 23 ||| INVOKING Fiery Armour.
    31 | D:1      | Reached XP level 2. HP: 22/24 MP: 3/3
   146 | D:1      | Reached skill level 4 in Axes
   146 | D:1      | Reached XP level 3. HP: 26/29 MP: 4/4
   319 | D:1      | 319 ||| INVOKING Fiery Armour.
   546 | D:1      | Reached skill level 1 in Dodging
   828 | D:1      | 828 ||| DROPPING ring of magical power.
   829 | D:1      | 829 ||| READING scroll labelled VUETHO WISO.
   830 | D:1      | 830 ||| READING scroll labelled YFUWKI DERUEB.
   831 | D:1      | 831 ||| READING scroll labelled NERANGEPPO.
   832 | D:1      | 832 ||| READING scroll labelled ACI NUEV IMYR.
   833 | D:1      | 833 ||| DRINKING 2 fizzy cyan potions.
   834 | D:1      | 834 ||| DRINKING 2 green potions.
  1181 | D:2      | Found a faded altar of an unknown god.
  1391 | D:2      | Noticed Jessica
  1394 | D:2      | Killed Jessica
  1395 | D:2      | Reached XP level 4. HP: 31/35 MP: 5/5
  1726 | D:2      | 1726 ||| INVOKING Fiery Armour.
  1918 | D:2      | 1918 ||| INVOKING Fiery Armour.
  2385 | D:2      | Reached skill level 5 in Axes
  2559 | D:2      | Reached XP level 5. HP: 33/41 MP: 6/6
  2686 | D:2      | 2686 ||| UPGRADING to +0 leather armour.
  2696 | D:2      | 2696 ||| DROPPING +0 robe.
  2697 | D:2      | 2697 ||| DROPPING ring of flight.
  2698 | D:2      | 2698 ||| READING 2 scrolls labelled IBITAI GIN QED.
  2699 | D:2      | 2699 ||| READING scroll labelled URGHOI MICLI.
  2700 | D:2      | 2700 ||| READING scroll labelled FERIMN OSOUF.
  2759 | D:3      | Found a transporter.
  2768 | D:3      | Noticed qw's ghost (amateur FoCA)
  2917 | D:3      | Found an iron altar of Okawaru.
  2918 | D:3      | Found a broken altar of Ashenzari.
  2950 | D:3      | Found Ici Utoss's Book Shoppe.
  2966 | D:3      | Found a transporter.
  3172 | D:3      | 3172 ||| Stepping ~*~*~tactically~*~*~ (stealth).
  3313 | D:3      | 3313 ||| SWAPPING to +0 battleaxe.
  3692 | D:3      | 3692 ||| READING scroll labelled XUC QAUKHLUIMAFU.
  3793 | D:3      | 3793 ||| READING scroll labelled OPLOTR YBYMP.
  3794 | D:3      | 3794 ||| DRINKING 2 grey potions.
  3794 | D:3      | Gained mutation: You expend magic power (3 MP) to
                  | strengthen your wands. [potion of mutation]
  3820 | D:4      | 3820 ||| Stepping ~*~*~tactically~*~*~ (hiding).
  3843 | D:4      | 3843 ||| INVOKING Fiery Armour.
  3848 | D:4      | Reached skill level 6 in Axes
  3848 | D:4      | Reached XP level 6. HP: 19/47 MP: 7/7
  3848 | D:4      | 3848 ||| FLEEEEING.
  3849 | D:4      | 3849 ||| FLEEEEING.
  3850 | D:4      | 3850 ||| FLEEEEING.
  3851 | D:4      | 3851 ||| STAIRDANCE
  4037 | D:4      | 4037 ||| STAIRDANCE
  4042 | D:3      | 4042 ||| INVOKING Fiery Armour.
  4215 | D:4      | 4215 ||| STAIRDANCE
  4391 | D:4      | 4391 ||| Stepping ~*~*~tactically~*~*~ (hiding).
  4478 | D:4      | Reached skill level 1 in Throwing
  4479 | D:4      | 4479 ||| INVOKING Fiery Armour.
  4548 | D:4      | 4548 ||| FLEEEEING.
  4551 | D:4      | 4551 ||| FLEEEEING.
  4552 | D:4      | 4552 ||| FLEEEEING.
  4643 | D:4      | 4643 ||| FLEEEEING.
  4683 | D:4      | 4683 ||| Stepping ~*~*~tactically~*~*~ (stealth).
  4741 | D:4      | HP: 8/49 [iguana (11)]
  4742 | D:4      | 4742 ||| INVOKING Fiery Armour.
  4973 | D:4      | 4973 ||| Stepping ~*~*~tactically~*~*~ (stealth).
  4975 | D:4      | 4975 ||| Stepping ~*~*~tactically~*~*~ (stealth).
  4994 | D:4      | 4994 ||| Stepping ~*~*~tactically~*~*~ (stealth).
  4995 | D:4      | 4995 ||| Stepping ~*~*~tactically~*~*~ (stealth).
  5001 | D:4      | Reached XP level 7. HP: 46/55 MP: 8/8
  5081 | D:4      | 5081 ||| FLEEEEING.
  5082 | D:4      | 5082 ||| FLEEEEING.
  5083 | D:4      | 5083 ||| FLEEEEING.
  5084 | D:4      | 5084 ||| FLEEEEING.
  5085 | D:4      | 5085 ||| FLEEEEING.
  5086 | D:4      | 5086 ||| FLEEEEING.
  5087 | D:4      | 5087 ||| FLEEEEING.
  5088 | D:4      | 5088 ||| FLEEEEING.
  5089 | D:4      | 5089 ||| FLEEEEING.
  5089 | D:4      | Noticed Pikel
  5090 | D:4      | 5090 ||| Stepping ~*~*~tactically~*~*~ (stealth).
  5091 | D:4      | 5091 ||| FLEEEEING.
  5098 | D:4      | 5098 ||| Stepping ~*~*~tactically~*~*~ (stealth).
  5099 | D:4      | 5099 ||| FLEEEEING.
  5100 | D:4      | 5100 ||| FLEEEEING.
  5101 | D:4      | 5101 ||| FLEEEEING.
  5102 | D:4      | 5102 ||| STAIRDANCE
  5190 | D:3      | 5190 ||| UPGRADING to +1 leather armour of fire resistance.
  5200 | D:3      | 5200 ||| DROPPING +0 leather armour.
  5201 | D:3      | 5201 ||| READING scroll labelled ELUEM KEISTUSUTEU.
  5202 | D:3      | 5202 ||| READING scroll labelled UHURU KOFFUAMP.
  5205 | D:4      | 5205 ||| STAIRDANCE
  5214 | D:3      | 5214 ||| INVOKING Fiery Armour.
  5394 | D:4      | 5394 ||| STAIRDANCE
  5484 | D:4      | 5484 ||| STAIRDANCE
  5570 | D:4      | 5570 ||| INVOKING Fiery Armour.
  5575 | D:4      | Killed Pikel
  5576 | D:4      | Reached skill level 8 in Axes
  5576 | D:4      | Reached XP level 8. HP: 24/61 MP: 9/9
  5576 | D:4      | 5576 ||| STAIRDANCE
  6032 | D:4      | 6032 ||| INVOKING Fiery Armour.
  6394 | D:4      | 6394 ||| Stepping ~*~*~tactically~*~*~ (stealth).
  6808 | D:4      | 6808 ||| UPGRADING to +0 ring mail.
  6818 | D:4      | 6818 ||| UPGRADING to +0 cloak.
  6823 | D:4      | 6823 ||| DROPPING +0 leather armour of fire resistance.
  6824 | D:4      | 6824 ||| READING 2 scrolls of identify.
  6824 | D:4      | 6824 ||| IDENTIFYING fuming blue potion
  6838 | D:5      | Entered Level 5 of the Dungeon
  6839 | D:5      | 6839 ||| PLANNING OSSUARY
  6855 | D:5      | Found a sand-covered staircase.
  6864 | Ossuary  | Entered an ossuary
  6865 | Ossuary  | 6865 ||| INVOKING Fiery Armour.
  6874 | Ossuary  | Reached skill level 1 in Armour
  7045 | Ossuary  | 7045 ||| READING 2 scrolls of brand weapon.
  7045 | Ossuary  | 7045 ||| BRANDING +0 battleaxe of chaos.
  7046 | Ossuary  | 7046 ||| READING scroll of brand weapon.
  7046 | Ossuary  | 7046 ||| BRANDING +0 battleaxe of electrocution.
  7047 | Ossuary  | 7047 ||| DROPPING -1 hand axe of flaming.
  7054 | Ossuary  | 7054 ||| DRINKING 2 smoky inky potions.
  7055 | Ossuary  | 7055 ||| DRINKING 2 emerald potions.
  7056 | Ossuary  | 7056 ||| READING 3 scrolls of identify.
  7056 | Ossuary  | 7056 ||| IDENTIFYING metallic inky potion
  7057 | Ossuary  | 7057 ||| READING 2 scrolls of identify.
  7057 | Ossuary  | 7057 ||| IDENTIFYING sapphire potion
  7058 | Ossuary  | 7058 ||| DROPPING potion of berserk rage.
  7059 | Ossuary  | 7059 ||| DROPPING potion of flight.
  7060 | Ossuary  | 7060 ||| DROPPING potion of degeneration.
  7071 | D:5      | 7071 ||| PLANNING D:1-11
  7084 | D:5      | Found a radiant altar of Vehumet.
  7095 | D:5      | Reached skill level 9 in Axes
  7180 | D:5      | Noticed a yak
  7180 | D:5      | Noticed a yak
  7180 | D:5      | Noticed a yak
  7181 | D:5      | 7181 ||| Stepping ~*~*~tactically~*~*~ (stealth).
  7184 | D:5      | 7184 ||| Stepping ~*~*~tactically~*~*~ (stealth).
  7189 | D:5      | Killed a yak
  7190 | D:5      | 7190 ||| Stepping ~*~*~tactically~*~*~ (stealth).
  7192 | D:5      | 7192 ||| Stepping ~*~*~tactically~*~*~ (stealth).
  7193 | D:5      | 7193 ||| Stepping ~*~*~tactically~*~*~ (stealth).
  7204 | D:5      | HP: 13/64 [yak (6)]
  7205 | D:5      | 7205 ||| DRINKING potion of heal wounds.
  7208 | D:5      | Killed a yak
  7209 | D:5      | Reached skill level 6 in Fighting
  7209 | D:5      | Reached XP level 9. HP: 43/71 MP: 10/10
  7211 | D:5      | 7211 ||| INVOKING Fiery Armour.
  7499 | D:5      | 7499 ||| Stepping ~*~*~tactically~*~*~ (stealth).
  7543 | D:5      | 7543 ||| Stepping ~*~*~tactically~*~*~ (hiding).
  7556 | D:5      | Reached skill level 10 in Axes
  7630 | D:5      | 7630 ||| Stepping ~*~*~tactically~*~*~ (stealth).
  7632 | D:5      | 7632 ||| Stepping ~*~*~tactically~*~*~ (stealth).
  7695 | D:5      | 7695 ||| Stepping ~*~*~tactically~*~*~ (stealth).
  7893 | D:5      | 7893 ||| Stepping ~*~*~tactically~*~*~ (stealth).
  8285 | D:5      | Found a burning altar of Makhleb.
  8424 | D:5      | 8424 ||| UPGRADING to +0 chain mail.
  8434 | D:5      | 8434 ||| DROPPING +0 ring mail.
  8435 | D:5      | 8435 ||| DROPPING +1 leather armour of fire resistance.
  8436 | D:5      | 8436 ||| READING scroll labelled TUAQA KOHE.
  8437 | D:5      | 8437 ||| READING 2 scrolls of identify.
  8437 | D:5      | 8437 ||| IDENTIFYING clear potion
  8438 | D:5      | 8438 ||| DROPPING potion of magic.
  8574 | D:6      | Found a glowing silver altar of Zin.
  8588 | D:6      | Reached skill level 3 in Armour
  8592 | D:6      | 8592 ||| FLEEEEING.
  8593 | D:6      | 8593 ||| FLEEEEING.
  8594 | D:6      | 8594 ||| FLEEEEING.
  8595 | D:6      | 8595 ||| FLEEEEING.
  8596 | D:6      | 8596 ||| FLEEEEING.
  8597 | D:6      | 8597 ||| FLEEEEING.
  8598 | D:6      | 8598 ||| FLEEEEING.
  8599 | D:6      | 8599 ||| FLEEEEING.
  8600 | D:6      | 8600 ||| FLEEEEING.
  8694 | D:6      | 8694 ||| Stepping ~*~*~tactically~*~*~ (stealth).
  8705 | D:6      | 8705 ||| DRINKING 6 potions of curing.
  8705 | D:6      | 8705 ||| (to cure confusion)
  8810 | D:6      | 8810 ||| DRINKING 5 potions of curing.
  8810 | D:6      | 8810 ||| (to cure confusion)
  8848 | D:6      | 8848 ||| FLEEEEING.
  8849 | D:6      | 8849 ||| FLEEEEING.
  8850 | D:6      | 8850 ||| FLEEEEING.
  8851 | D:6      | 8851 ||| FLEEEEING.
  8853 | D:6      | 8853 ||| FLEEEEING.
  8981 | D:6      | HP: 16/71 [gnoll/+0 spear[a gnoll bouda] (4)]
  8982 | D:6      | 8982 ||| DRINKING 2 potions of heal wounds.
  9011 | D:6      | HP: 15/71 [gnoll/+0 spear[a gnoll bouda] (4)]
  9012 | D:6      | 9012 ||| DRINKING potion of heal wounds.
  9037 | D:6      | HP: 14/71 [gnoll/+0 spear[a gnoll bouda] (4)]
  9040 | D:6      | HP: 6/71 [gnoll/+0 spear[a gnoll bouda] (8)]
  9043 | D:6      | HP: 2/71 [gnoll/+0 spear[a gnoll bouda] (5)]
  9044 | D:6      | Slain by a gnoll

Levels and vault maps discovered:
D:1:      arrival_aquarium_b, layout_rooms
D:2:      layout_basic, shapermc_ecumenical_altar_starsandcircs, uniq_jessica
D:3:      layout_loops_corners, mainiacjoe_overflow_divided_tiny,
          gammafunk_ghost_stat_death, serial_shops, nicolae_shop_statue_plus,
          kennysheep_generic_room_3
D:4:      layout_loops_ring, serial_rivers, chequers_serial_rivers_micro_e,
          chequers_serial_rivers_large_b, chequers_serial_rivers_small_a,
          chequers_serial_rivers_small_b, chequers_serial_rivers_micro_a,
          dk_noncrumbling_3, minmay_cupped, uniq_pikel
D:5:      nicolae_cairo_tiling_large_dashed, layout_loops_corners,
          mainiacjoe_overflow_24_doors, nicolae_overflow_hidden_temple,
          enter_ossuary_1
D:6:      layout_basic, mainiacjoe_overflow_brackets

Skill      XL: |  1  2  3  4  5  6  7  8  9 |
---------------+----------------------------+-----
Axes           | 4 5 6 8 9 10 | 10.0
Dodging        | 1 2 |  2.0
Throwing       | 1 2 |  2.6
Fighting       | 4 6 |  6.6
Armour         | 2 4 |  4.0
Spellcasting   | |  1.1
Fire Magic     | |  3.0

Action                   |  1- 3 |  4- 6 |  7- 9 || total
-------------------------+-------+-------+-------++-------
Melee: Hand axe          |    83 |   112 |       ||   195
       Punch             |     1 |       |     1 ||     2
       Battleaxe         |       |    69 |   233 ||   302
Throw: Boomerang         |       |     7 |    19 ||    26
       Javelin           |       |     4 |    43 ||    47
Invok: Fiery Armour      |     2 |     6 |     5 ||    13
  Use: Scroll            |     4 |     5 |     9 ||    18
       Potion            |     2 |     1 |     7 ||    10
 Stab: Paralysed         |       |       |     2 ||     2
Armor: Robe              |    16 |    15 |       ||    31
       Leather armour    |       |    23 |    22 ||    45
       Ring mail         |       |       |    55 ||    55
       Chain mail        |       |       |    90 ||    90
Dodge: Dodged            |    49 |   110 |   206 ||   365

Table legend:
 A = Non-vault XP
 B = Vault XP
 C = Vault XP percentage of total XP
 D = Non-vault monster count
 E = Vault monster count
 F = Vault count percentage of total count
                 A         B        C        D         E       F
            +---------+---------+-------+---------+---------+-------
      Total |    2153 |    1020 |  32.1 |     136 |      22 |  13.9
            +---------+---------+-------+---------+---------+-------
        D:1 |      48 |       0 |   0.0 |      29 |       0 |   0.0
        D:2 |      58 |      37 |  38.9 |      18 |       1 |   5.3
        D:3 |      62 |       2 |   3.1 |      18 |       1 |   5.3
        D:4 |     444 |     760 |  63.1 |      28 |       4 |  12.5
        D:5 |    1157 |       0 |   0.0 |      23 |       0 |   0.0
        D:6 |     384 |       0 |   0.0 |      20 |       0 |   0.0
    Ossuary |       0 |     221 | 100.0 |       0 |      16 | 100.0
            +---------+---------+-------+---------+---------+-------
